 Dungeon Crawl Stone Soup version 0.16.1-14-g82efdee (webtiles) character file.

1566 hulla the Transmogrifier (level 8, -6/57 HPs)
             Began as an Octopode Transmuter on Apr 13, 2015.
             Was a Priest of Makhleb.
             Mangled by an orc warrior
             ... wielding a +0 war axe
              (15 damage)
             ... on level 6 of the Dungeon.
             The game lasted 00:30:53 (7177 turns).

hulla the Transmogrifier (Octopode Transmuter)      Turns: 7177, Time: 00:30:53

Health: -6/57      AC:  6    Str: 11    XL:     8   Next: 90%
Magic:  5/14       EV: 12    Int: 18    God:    Makhleb [***...]
Gold:   122        SH:  0    Dex: 12    Spells: 4 memorised, 2 levels left

rFire  x . .     SeeInvis .       - Unarmed
rCold  + + +     Clarity  .     (shield currently unavailable)
rNeg   + . .     SustAb   .     (helmet currently unavailable)
rPois  +         Gourm    +     y - amulet of the gourmand (curse)
rElec  .         Spirit   .     h - ring of wizardry
rCorr  .         Warding  .     B - ring of wizardry
rMut   .         Stasis   .     G - ring of positive energy
MR     .....                    (no ring)
Stlth  +.........               (no ring)
                                (no ring)
                                (no ring)
                                (no ring)

@: ice-form, not resistant to hostile enchantments, very unstealthy
A: almost no armour, amphibious, 8 rings, (constrict 8), (camouflage 0), strong
1, (gelatinous body 0)
a: End Transformation, Minor Destruction, Lesser Servant of Makhleb, Renounce
Religion


You were on level 6 of the Dungeon.
You worshipped Makhleb.
Makhleb was most pleased with you.
You were full.
You were a creature of crystalline ice.
You visited 1 branch of the dungeon, and saw 6 of its levels.
You also visited: Ossuary.

You collected 237 gold pieces.
You spent 115 gold pieces at shops.

Inventory:

Hand weapons
 e - a cursed +0 hunting sling
Missiles
 b - 32 arrows
 i - 25 stones
 k - 26 sling bullets
 l - a javelin (quivered)
 n - 15 sling bullets of flame
 E - 13 poisoned sling bullets
 L - 5 curare-tipped needles
Jewellery
 f - a cursed amulet of guardian spirit
 h - a ring of wizardry (left front paw)
 y - a cursed amulet of the gourmand (around neck)
 B - a ring of wizardry (right front paw)
 G - a ring of positive energy (on tentacle)
Magical devices
 J - a wand of fire (5)
 K - a wand of slowing (20)
Scrolls
 g - 2 scrolls of enchant armour
 p - a scroll of fog
 q - a scroll of enchant weapon {unknown}
 s - 3 scrolls of teleportation
 t - a scroll of noise
 v - 3 scrolls of identify
 z - a scroll of random uselessness {unknown}
 A - 2 scrolls of blinking
 D - a scroll of torment {unknown}
 F - a scroll of remove curse
Potions
 c - a potion of cancellation
 m - a potion of flight
 o - a potion of brilliance
 r - 3 potions of curing
 w - 2 potions of haste
 C - 2 potions of heal wounds
Books
 d - a book of Changes

   Spells                             Type                      Level
   a - Beastly Appendage              Transmutation                1
   b - Sticks to Snakes               Transmutation                2
   c - Spider Form                    Transmutation/Poison         3
   d - Ice Form                       Ice/Transmutation            4
   e - Blade Hands                    Transmutation                5
 I - a book of Summonings

   Spells                             Type                      Level
   a - Abjuration                     Summoning                    3
   b - Recall                         Summoning/Translocation      3
   c - Shadow Creatures               Summoning                    5
   d - Summon Demon                   Summoning                    5
   e - Summon Forest                  Summoning/Translocation      5
   f - Monstrous Menagerie            Summoning                    6
Comestibles
 a - 5 bread rations
 j - 2 meat rations
 x - a beef jerky
 H - 12 chunks of flesh


   Skills:
 + Level 1.6 Fighting
 - Level 5.1 Dodging
 - Level 3.0 Unarmed Combat
 + Level 2.8 Spellcasting
 - Level 8.4 Transmutations
 - Level 2.3 Ice Magic
 - Level 4.0 Poison Magic


You had 2 spell levels left.
You knew the following spells:

 Your Spells              Type           Power        Failure   Level  Hunger
a - Beastly Appendage     Trmt           ####..       1%          1    None
b - Spider Form           Trmt/Pois      ####......   1%          3    ###....
c - Sticks to Snakes      Trmt           ####......   1%          2    ##.....
d - Ice Form              Ice/Trmt       ###.....     5%          4    ####...


Dungeon Overview and Level Annotations

Branches:
Dungeon (6/15)
 Temple: D:4-7

Altars:
Ashenzari
Fedhas
Makhleb
Yredelemnul

Shops:
D:4 *   D:5 *

Annotations:
D:4 1 runed door


Innate Abilities, Weirdness & Mutations

You cannot wear most types of armour.
You are amphibious.
You can wear up to eight rings at the same time.
((You can use your tentacles to constrict many enemies at once.))
((Your skin changes colour to match your surroundings (Stealth).))
((Your rubbery body absorbs attacks (AC +1).))
Your muscles are strong. (Str +2)


Message History

The orc warrior hits you with a war axe!!
The orc warrior hits your ball python with a war axe!
Your ball python dies!
You barely miss the orc warrior.
The orc warrior is lightly wounded.
The orc warrior hits you with a war axe!!
* * * LOW HITPOINT WARNING * * *
You punch the orc warrior! You freeze the orc warrior.
The orc warrior is heavily wounded.
The orc warrior hits you with a war axe!
* * * LOW HITPOINT WARNING * * *
Read which item? (? for menu, Esc to quit)
As you read the scroll of fear, it crumbles to dust.
You assume a fearsome visage.
The orc warrior looks frightened!
You catch the helpless orc warrior completely off-guard!
You hit the orc warrior but do no damage.
Your attack snaps the orc warrior out of its fear.
The orc warrior is heavily wounded.
The orc warrior hits you with a war axe!
You die...

#.# #.# #..# #.# ##+## ##.# #.#
##...## #.# ##.# ##.....## ###
#.# #..## ##.......## ##.###.#
####...####.........####...##.#
..))......'.........).......#.#
.......####.........####...#..#
####..## ##....Y..## ##.##.##
####..# ##...o.## ####.#
##..### ######...## #.# #####
#.......## #.# .# #######.# #.#
## #####.# #.# # #.....# #.#
###......# #.# 8.8.....#.#


You could see an orc warrior.

Vanquished Creatures
  An orc warrior (D:6)
  A phantom (D:5)
  An ice beast (D:5)
  An ogre (D:4)
  9 scorpions (Ossuary)
  A crimson imp (D:5)
  A hound (D:4)
  An orc priest (D:6)
  A centaur zombie (Ossuary)
  A jelly (D:5)
  Crazy Yiuf (D:2)
  2 human zombies (Ossuary)
  2 orc wizards
  A giant frog skeleton (D:5)
  An iguana (D:4)
  3 worker ants
  3 mummies (Ossuary)
  4 gnolls (D:5)
  11 adders
  4 scorpion zombies (Ossuary)
  A shadow imp (D:4)
  2 giant mites
  2 worms
  An adder zombie (D:5)
  3 giant geckos
  An ooze (D:2)
  23 orcs
  9 bats
  3 giant cockroaches
  A gnoll zombie (Ossuary)
  7 goblins
  13 hobgoblins
  2 jackals (D:1)
  14 kobolds
  A ball python (D:1)
  A giant cockroach zombie (D:5)
  3 giant newts
  2 goblin zombies (Ossuary)
  2 hobgoblin zombies (Ossuary)
  A kobold skeleton (D:4)
  2 kobold zombies (Ossuary)
  2 orc zombies (Ossuary)
  10 rats
156 creatures vanquished.

Vanquished Creatures (others)
  A scorpion (Ossuary)
  A giant newt (D:5)
2 creatures vanquished.

Grand Total: 158 creatures vanquished

Notes
Turn   | Place    | Note
--------------------------------------------------------------
     0 | D:1      | hulla, the Octopode Transmuter, began the quest for the Orb.
     0 | D:1      | Reached XP level 1. HP: 13/13 MP: 3/3
    52 | D:1      | Found a shattered altar of Ashenzari.
   305 | D:1      | Reached XP level 2. HP: 6/18 MP: 4/4
   810 | D:1      | Reached XP level 3. HP: 20/23 MP: 6/6
   815 | D:1      | Learned a level 3 spell: Spider Form
   818 | D:1      | Learned a level 2 spell: Sticks to Snakes
  1325 | D:2      | Reached skill level 4 in Transmutations
  1503 | D:2      | Noticed Crazy Yiuf
  1509 | D:2      | Killed Crazy Yiuf
  1509 | D:2      | Reached XP level 4. HP: 28/28 MP: 3/7
  1879 | D:3      | Reached XP level 5. HP: 24/33 MP: 5/9
  2028 | D:3      | Noticed a phantom
  3043 | D:4      | Found Daeweecs' General Store.
  3306 | D:4      | Found a burning altar of Makhleb.
  3309 | D:4      | Became a worshipper of Makhleb the Destroyer
  3331 | D:4      | Found a runed door.
  3331 | D:4      | Noticed a human
  3336 | D:4      | Found a basalt altar of Yredelemnul.
  3706 | D:4      | Noticed an ogre
  3715 | D:4      | Killed an ogre
  3715 | D:4      | Reached XP level 6. HP: 38/38 MP: 6/10
  4043 | D:5      | Entered Level 5 of the Dungeon
  4133 | D:5      | Acquired Makhleb's first power
  4295 | D:5      | Reached skill level 5 in Dodging
  4295 | D:5      | Reached XP level 7. HP: 32/43 MP: 10/12
  4301 | D:5      | Learned a level 4 spell: Ice Form
  4405 | D:5      | Reached skill level 1 in Ice Magic
  4594 | D:5      | Found a sand-covered staircase.
  4599 | Ossuary  | Entered an ossuary
  4623 | Ossuary  | Reached skill level 5 in Transmutations
  5136 | Ossuary  | Reached skill level 6 in Transmutations
  5136 | Ossuary  | Reached XP level 8. HP: 48/48 MP: 6/13
  5246 | Ossuary  | Reached skill level 7 in Transmutations
  5264 | Ossuary  | Acquired Makhleb's second power
  5563 | Ossuary  | Gained mutation: Your muscles are strong. (Str +2) [potion of beneficial mutation]
  5661 | D:5      | Found Sitalit's Assorted Antiques.
  5679 | D:5      | Bought a tubular tourmaline ring for 115 gold pieces
  5814 | D:5      | Reached skill level 8 in Transmutations
  6641 | D:6      | Found a blossoming altar of Fedhas.
  7114 | D:6      | Acquired Makhleb's third power
  7177 | D:6      | Mangled by an orc warrior

Action                   |  1- 3 |  4- 6 |  7- 9 || total
-------------------------+-------+-------+-------++-------
Melee: Unarmed           |    75 |   161 |   209 ||   445
Throw: Javelin           |    19 |    20 |    23 ||    62
       Stone             |     3 |     1 |     4 ||     8
 Cast: Beastly Appendage |     4 |     9 |     1 ||    14
       Spider Form       |     2 |    15 |     1 ||    18
       Ice Form          |       |       |    21 ||    21
       Sticks to Snakes  |       |       |     9 ||     9
  Use: Scroll            |     5 |     5 |     5 ||    15
       Potion            |     1 |     5 |     1 ||     7
 Stab: Sleeping          |     4 |       |       ||     4
       Distracted        |       |       |     1 ||     1
       Fleeing           |       |       |     1 ||     1
  Eat: Chunk             |     2 |    10 |    21 ||    33
       Pizza             |       |     1 |       ||     1
